 Dungeon Crawl Stone Soup version 0.23.2-40-g277498a001 (webtiles) character file.

Game seed: 14744440031279235335

8874 MalarOregon the Summoner (level 11, -1/91 (92) HPs)
             Began as a Yellow Draconian Summoner on Sept 16, 2019.
             Was a High Priest of Zin.
             Slain by a spiny frog (14 damage)
             ... on level 1 of the Lair of Beasts on Sept 17, 2019.
             The game lasted 00:34:12 (14696 turns).

MalarOregon the Summoner (DrSu)                    Turns: 14696, Time: 00:34:12

HP:   -1/91 (92)    AC:  9    Str: 16    XL:     11   Next: 15%
MP:   17/20         EV: 15    Int: 19    God:    Zin [*****.]
Gold: 654           SH:  0    Dex: 12    Spells: 11/23 levels left

rFire    . . .     SeeInvis +   D - +0 spear of Grace {protect, rC+ Str+2 SInv}
rCold    + . .     Gourm    .   (no shield)
rNeg     + . .     Faith    .   (armour unavailable)
rPois    .         Spirit   .   w - +1 hat
rElec    .         Reflect  .   m - +0 cloak
rCorr    +         Harm     .   (no gloves)
MR       .....                  (no boots)
Stlth    ++........             p - amulet of regeneration
HPRegen  0.65/turn              r - ring of positive energy
MPRegen  0.17/turn              l - +4 ring of strength

@: lethally poisoned (-1 -> -3)
A: spit acid, unfitting armour, cold-blooded, acid resistance, AC +7
a: Breathe Acid, Recite, Vitalisation, Imprison, Sanctuary, Donate Gold,
Renounce Religion


You were on level 1 of the Lair of Beasts.
You worshipped Zin.
Zin was extremely pleased with you.
You were not hungry.

You visited 4 branches of the dungeon, and saw 15 of its levels.

You collected 726 gold pieces.
You donated 72 gold pieces to Zin.

Inventory:

Hand Weapons
 n - a +1 whip of electrocution
   (You took it off an orc on level 4 of the Dungeon)
 D - the +0 spear of Grace (weapon) {protect, rC+ Str+2 SInv}
   (You found it on level 4 of the Dungeon)

   It protects the one who uses it against injury (+AC on strike).
   It affects your strength (+2).
   It protects you from cold.
   It lets you see invisible.
Armour
 m - a +0 cloak (worn)
   (You took it off Crazy Yiuf on level 2 of the Dungeon)
 w - a +1 hat (worn)
   (You found it on level 7 of the Dungeon)
Magical Staves
 y - an uncursed staff of earth
   (You found it on level 8 of the Dungeon)
Jewellery
 i - an uncursed ring of stealth {unknown}
   (You found it on level 5 of the Dungeon)
 j - a cursed amulet of inaccuracy {unknown}
   (You found it on level 2 of the Dungeon)
 l - a +4 ring of strength (right hand)
   (You found it on level 2 of the Dungeon)
 p - an amulet of regeneration (around neck)
   (You found it on level 3 of the Dungeon)
 r - a ring of positive energy (left hand)
   (You found it on level 3 of the Dungeon)
 u - an uncursed ring of protection from cold {unknown}
   (You found it on level 5 of the Dungeon)
 z - an uncursed ring of see invisible
   (You found it on level 1 of the Dungeon)
 G - a +5 ring of evasion {unknown}
   (You found it on level 10 of the Dungeon)
Wands
 d - a wand of iceblast (8)
   (You found it on level 9 of the Dungeon)
 t - a wand of flame (23)
   (You found it on level 4 of the Dungeon)
 x - a wand of acid (8)
   (You found it on level 1 of the Lair of Beasts)
Scrolls
 a - 13 scrolls of identify {@r1}
 b - a scroll of enchant weapon
 c - 4 scrolls of teleportation {@r4}
 k - 4 scrolls of fear
 o - 5 scrolls of remove curse {@r2}
 C - a scroll of vulnerability {unknown}
 E - a scroll of immolation {!r}
 F - 3 scrolls of enchant armour {unknown}
 I - a scroll of silence {unknown}
Potions
 f - 4 potions of lignification {!q}
 g - 6 potions of curing {@q1}
 h - 4 potions of agility
 q - 3 potions of heal wounds {unknown}
 s - 2 potions of degeneration {unknown}
 v - a potion of flight {unknown}
 A - 2 potions of haste {unknown}
 B - a potion of ambrosia {unknown}
 J - a potion of brilliance {unknown}
Comestibles
 e - 28 rations {!d}
 H - 8 chunks of flesh


   Skills:
 + Level 7.5 Fighting
 + Level 6.0 Polearms
 + Level 6.6 Dodging
 - Level 1.7 Stealth
 + Level 6.6 Spellcasting
 + Level 8.0 Summonings
 + Level 6.6 Invocations
 + Level 6.0 Evocations


You had 11 spell levels left.
You knew the following spells:

 Your Spells              Type           Power        Failure   Level  Hunger
a - Summon Small Mammal   Summ           ####         1%          1    None
c - Call Canine Familiar  Summ           #####...     1%          3    ##.....
d - Summon Ice Beast      Ice/Summ       ###.....     21%         4    ####...
z - Summon Lightning Spi  Summ/Air       ###.....     21%         4    ####...

Your spell library contained the following spells:

 Spells                   Type           Power        Failure   Level  Hunger
 Call Imp                 Summ           #####...     1%          2    None
 Summon Guardian Golem    Hex/Summ       ###.....     6%          3    ##.....


Dungeon Overview and Level Annotations

Branches:
Dungeon (12/15)            Temple (1/1) D:5            Lair (1/6) D:11
    Orc (1/2) D:11

Altars:
Ashenzari
Cheibriados
Dithmenos
Elyvilon
Fedhas
Gozag
Hepliaklqana
Kikubaaqudgha
Makhleb
Nemelex Xobeh
Okawaru
Qazlal
Ru
Sif Muna
Trog
Uskayaw
Vehumet
Wu Jian
Xom
Yredelemnul
Zin
The Shining One

Annotations:
D:10 Fannar
Orc:1 Snorg


Innate Abilities, Weirdness & Mutations

You can spit globs of acid.
Your golden yellow scales are hard. (AC +7)
You cannot fit into any form of body armour.
You are cold-blooded and may be slowed by cold attacks.
You are resistant to acid. (rCorr)


Message History

You feel sick.
Your hound bites the spiny frog but does no damage.
The spiny frog stings you!
Your hound bites the spiny frog but does no damage.
You hit the spiny frog.
You feel sick.
Your hound bites the spiny frog.
The spiny frog barely misses you.
You completely miss the spiny frog.
You feel sick.
Your hound misses the spiny frog. The spiny frog stings you!
You hit the spiny frog.
You feel sick.
Your hound bites the spiny frog.
The spiny frog barely misses you.
You hit the spiny frog.
You feel sick.
Your hound barely misses the spiny frog.
The spiny frog stings you!
You are more poisoned.
The spiny frog poisons you!
You hit the spiny frog but do no damage.
You feel sick.
Your hound bites the spiny frog.
The spiny frog stings you.
Your hound bites the spiny frog.
You barely miss the spiny frog.
Your tail-slap misses the spiny frog.
You feel sick.
Your hound bites the spiny frog.
The spiny frog stings you but does no damage.
You hit the spiny frog.
You feel sick.
Your hound bites the spiny frog.
You hit the spiny frog but do no damage.
You feel sick. The spiny frog stings you!!
* * * LOW HITPOINT WARNING * * *
Your hound closely misses the spiny frog.
Unknown command.
You feel sick.
Your hound bites the spiny frog.
The spiny frog barely misses you.
You feel sick.
Your hound bites the spiny frog.
You feel sick.
Your hound bites the spiny frog but does no damage.
You feel sick.
You feel sick.
Your hound barely misses the spiny frog.
You feel sick.
You feel sick. The spiny frog closely misses you.
Your hound closely misses the spiny frog.
You feel sick.
Your hound completely misses the spiny frog.
You feel sick.
You feel sick.
You feel sick.
Your hound bites the spiny frog but does no damage.
The spiny frog stings your hound!!
Your hound dies!
Your hound's corpse disappears in a puff of smoke!
The spiny frog croaks.
You feel sick. The spiny frog stings you!
You die...

#......# #. #......#
## #......# ###.
#......#########...
#......#..#.#.##.#.
#.................#
#..h.....###.......
#.........###....##
#.@#.##...# #...##
#.F#####..###...##
#..# #.P.##...P#
##.ยง#####........##
#................#
##...............##
#................#
#....)..........###
#..................


You could see a spiny frog and a friendly hound.

Vanquished Creatures
  An unseen horror (D:10)
  Joseph (D:7)
  2 hippogriffs
  A spriggan (D:10)
  A basilisk (D:11)
  A wyvern (D:10)
  5 yaks
  Menkaure (D:7)
  A soldier ant (D:8)
  A water moccasin (Lair:1)
  A porcupine (Lair:1)
  2 black bears
  2 sky beasts (D:7)
  An orc warrior (D:7)
  2 ice beasts
  A necrophage (D:9)
  4 ogres
  A phantom (D:8)
  A centaur (D:5)
  2 big kobolds (D:11)
  6 bullfrogs
  2 scorpions
  2 howler monkeys
  7 crimson imps
  A bullfrog zombie (D:5)
  2 jellies
  A centaur skeleton (D:7)
  4 orc priests
  5 hounds
  2 iguanas
  5 orc wizards
  5 worker ants
  A hound zombie (D:6)
  2 hound skeletons
  3 howler monkey zombies
  8 adders
  3 shadow imps
  An ooze (D:3)
  2 adder zombies
  2 adder skeletons
  3 worms
  A dart slug (D:3)
  4 leopard geckos
  32 orcs
  5 giant cockroaches
  2 gnoll zombies (D:6)
  6 goblins
  5 hobgoblins
  8 jackals
  10 kobolds
  A quokka (D:2)
  2 ball pythons (D:3)
  8 bats
  4 frilled lizards
  A jackal skeleton (D:6)
  A leopard gecko skeleton (D:6)
  A quokka skeleton (D:6)
  8 rats
198 creatures vanquished.

Vanquished Creatures (collateral kills)
  A hydra (D:11)
  Pikel (D:9)
  An ugly thing (D:11)
  A spiny frog (Lair:1)
  A komodo dragon (Lair:1)
  4 hippogriffs
  A wyvern (Lair:1)
  2 basilisks
  3 yaks
  A warg (D:11)
  2 ice beasts
  2 orc warriors (D:11)
  A necrophage (D:8)
  A slave (D:9)
  2 ogres (D:11)
  2 centaurs
  A crocodile (Lair:1)
  3 bullfrogs
  2 scorpions
  4 killer bees
  A crimson imp (D:8)
  A hound (D:10)
  A jelly (D:9)
  3 orc wizards
  An orc priest (D:11)
  Crazy Yiuf (D:2)
  A bullfrog skeleton (D:4)
  Natasha (thrice) (D:2)
  4 worker ants
  A killer bee zombie (D:6)
  A howler monkey zombie (D:9)
  A gnoll (D:12)
  3 adders
  A shadow imp (D:6)
  2 worms (D:2)
  A leopard gecko (D:1)
  18 orcs
  5 hobgoblins
  4 jackals (D:1)
  4 kobolds
  A quokka (D:8)
  2 frilled lizards
  A giant cockroach zombie (D:6)
  2 goblins
  2 rats (D:2)
101 creatures vanquished.

Vanquished Creatures (others)
  A centaur skeleton (D:11)
  A troll (D:11)
  A slave (D:9)
  An orc warrior (D:9)
  An orc priest (D:11)
  2 orc wizards (D:11)
  A worker ant (D:11)
  2 quokkas
  3 kobolds (D:11)
  4 fungi (D:11)
  3 plants (D:11)
20 creatures vanquished.

Grand Total: 319 creatures vanquished

Notes
Turn   | Place    | Note
-------+----------+-------------------------------------------
     0 | D:1      | MalarOregon the Draconian Summoner began the quest for the
                  | Orb.
     0 | D:1      | Reached XP level 1. HP: 14/14 MP: 3/3
   533 | D:1      | Reached XP level 2. HP: 18/22 MP: 5/5
  1053 | D:1      | Reached skill level 1 in Fighting
  1057 | D:1      | Learned a level 2 spell: Call Imp
  1233 | D:1      | Reached XP level 3. HP: 10/28 MP: 1/6
  2090 | D:2      | Noticed Natasha
  2096 | D:2      | Killed Natasha
  2117 | D:2      | Reached XP level 4. HP: 32/36 MP: 2/8
  2706 | D:2      | Noticed Natasha
  2714 | D:2      | Killed Natasha
  2743 | D:2      | Noticed Natasha
  2747 | D:2      | Killed Natasha
  3010 | D:2      | Found a runed translucent door.
  3011 | D:2      | Noticed Crazy Yiuf
  3315 | D:2      | Killed Crazy Yiuf
  3465 | D:3      | Reached XP level 5. HP: 20/42 MP: 4/9
  4111 | D:3      | Found a hide-covered altar of Uskayaw.
  4226 | D:3      | Found an ornate altar of the Wu Jian Council.
  4235 | D:3      | Found a glowing silver altar of Zin.
  4333 | D:3      | Found a sparkling altar of Nemelex Xobeh.
  4476 | D:3      | Became a worshipper of Zin the Law-Giver
  4476 | D:3      | Reached * piety under Zin
  4579 | D:4      | Was placed under penance by Zin
  4786 | D:4      | Learned a level 3 spell: Call Canine Familiar
  4789 | D:4      | Was forgiven by Zin
  4957 | D:4      | Found a blossoming altar of Fedhas.
  5064 | D:4      | Reached skill level 5 in Summonings
  5065 | D:4      | Reached ** piety under Zin
  5065 | D:4      | Reached XP level 6. HP: 26/51 MP: 4/11
  5224 | D:4      | Found a sacrificial altar of Ru.
  5248 | D:4      | Got a brightly glowing spear
  5327 | D:4      | Found a shadowy altar of Dithmenos.
  5327 | D:4      | Found a stormy altar of Qazlal.
  5413 | D:5      | Entered Level 5 of the Dungeon
  5555 | D:5      | Identified the cursed +0 spear of Grace {protect, rC+ Str+2
                  | SInv} (You found it on level 4 of the Dungeon)
  5876 | D:5      | Found a staircase to the Ecumenical Temple.
  6228 | D:5      | Reached skill level 1 in Invocations
  6253 | D:5      | Reached skill level 1 in Polearms
  6253 | D:5      | Reached skill level 1 in Evocations
  6253 | D:5      | Your scales start taking on a golden yellow colour.
  6253 | D:5      | Reached XP level 7. HP: 57/57 MP: 12/12
  6253 | D:5      | Gained mutation: You are resistant to acid. (rCorr) [Yellow
                  | Draconian growth]
  6840 | Temple   | Entered the Ecumenical Temple
  7284 | D:6      | Found an iron altar of Okawaru.
  7309 | D:6      | Reached XP level 8. HP: 59/66 MP: 14/14
  7385 | D:6      | Reached *** piety under Zin
  7861 | D:6      | Found a basalt altar of Yredelemnul.
  8082 | D:7      | Noticed Joseph
  8104 | D:7      | Reached skill level 6 in Summonings
  8137 | D:7      | Killed Joseph
  8218 | D:7      | Reached skill level 5 in Fighting
  8382 | D:7      | Reached XP level 9. HP: 74/74 MP: 16/16
  8462 | D:7      | Found a shattered altar of Ashenzari.
  8502 | D:7      | Reached skill level 5 in Dodging
  8595 | D:7      | Found an opulent altar of Gozag.
  8611 | D:7      | Noticed Menkaure
  8623 | D:7      | Killed Menkaure
  8623 | D:7      | Reached skill level 5 in Spellcasting
  8736 | D:7      | Learned a level 4 spell: Summon Ice Beast
  8743 | D:6      | Learned a level 4 spell: Summon Lightning Spire
  9197 | D:8      | Reached **** piety under Zin
  9570 | D:8      | You fall through a shaft for 2 floors!
  9570 | D:10     | Entered Level 10 of the Dungeon
 10104 | D:9      | Found a snail-covered altar of Cheibriados.
 10128 | D:9      | Noticed Pikel
 10396 | D:9      | Found a shattered altar of Ashenzari.
 10425 | D:9      | Reached skill level 7 in Summonings
 10425 | D:9      | Reached skill level 5 in Invocations
 10653 | D:9      | Reached XP level 10. HP: 80/82 MP: 10/18
 10696 | D:9      | Killed Pikel
 10738 | D:9      | Reached ***** piety under Zin
 11308 | D:10     | Noticed Fannar
 11382 | D:10     | Noticed an unseen horror
 11424 | D:10     | Killed an unseen horror
 11424 | D:10     | Reached skill level 5 in Polearms
 11424 | D:10     | Reached skill level 5 in Evocations
 12462 | D:11     | Noticed a cyan ugly thing
 12476 | D:11     | Killed a cyan ugly thing
 12618 | D:11     | Found a staircase to the Lair.
 13404 | D:11     | Found a staircase to the Orcish Mines.
 13475 | D:11     | Noticed a four-headed hydra
 13488 | D:11     | Killed a four-headed hydra
 13488 | D:11     | Reached XP level 11. HP: 72/91 MP: 13/20
 13906 | Orc:1    | Entered Level 1 of the Orcish Mines
 13908 | Orc:1    | Noticed Snorg
 14014 | D:12     | Noticed a red ugly thing
 14048 | Lair:1   | Entered Level 1 of the Lair of Beasts
 14534 | Lair:1   | Reached skill level 8 in Summonings
 14696 | Lair:1   | Slain by a spiny frog

Skill      XL: |  1  2  3  4  5  6  7  8  9 10 11 |
---------------+----------------------------------+-----
Dodging        | 2 3 4 5 6 |  6.6
Fighting       | 1 2 3 4 5 6 7 |  7.5
Spellcasting   | 3 4 5 6 |  6.6
Summonings     | 5 6 7 8 |  8.0
Invocations    | 1 2 3 5 6 |  6.6
Polearms       | 1 2 3 4 5 6 |  6.0
Evocations     | 1 2 3 4 5 6 |  6.0
Stealth        | |  1.7

Action                   |  1- 3 |  4- 6 |  7- 9 | 10-12 || total
-------------------------+-------+-------+-------+-------++-------
Melee: Club              |    96 |       |       |       ||    96
       Tailslap          |    12 |    41 |   130 |    78 ||   261
       Unarmed           |     1 |    21 |       |       ||    22
       Dagger            |    54 |    74 |       |       ||   128
       Quarterstaff      |       |    66 |       |       ||    66
       Spear             |       |   241 |   971 |   675 ||  1887
       Whip              |       |    25 |    33 |       ||    58
 Cast: Summon Small Mamm |    19 |     7 |       |       ||    26
       Call Imp          |     8 |    27 |       |       ||    35
       Call Canine Famil |       |     3 |    20 |    37 ||    60
       Summon Ice Beast  |       |       |    13 |    10 ||    23
Invok: Recite            |       |       |     4 |       ||     4
 Abil: Breathe Acid      |       |       |     4 |       ||     4
  Use: Scroll            |       |     3 |     7 |       ||    10
       Potion            |       |     2 |       |       ||     2
 Stab: Sleeping          |     3 |     1 |     6 |       ||    10
       Distracted        |       |     2 |     4 |     8 ||    14
       Invisible         |       |       |     1 |       ||     1
  Eat: Chunk             |     5 |     8 |    15 |    13 ||    41
       Ration            |       |     2 |     2 |     1 ||     5
Armor: Skin              |    62 |   175 |   367 |   212 ||   816
Dodge: Dodged            |   123 |   292 |   667 |   429 ||  1511
